 Dungeon Crawl Stone Soup version 0.29.0-13-gc9e81de378 (webtiles) character file.

Game seed: 1398782554179965046

91 sanka the Poker (level 4, -1/35 HPs)
             Began as a Merfolk Abyssal Knight on Sept 10, 2022.
             Was a Priest of Lugonu.
             Slain by Ijyb
             ... wielding a +0 dagger
              (2 damage)
             ... on level 4 of the Dungeon.
             The game lasted 00:02:28 (2098 turns).

sanka the Poker (Merfolk Abyssal Knight)            Turns: 2098, Time: 00:02:28

Health: -1/35      AC:  4    Str: 15    XL:     4   Next: 57%
Magic:  6/6        EV: 12    Int: 15    God:    Lugonu [***...]
Gold:   85         SH:  0    Dex: 14    Spells: 3/3 levels left

rFire   + . .      SeeInvis .   a - +1 spear
rCold   + . .      Faith    .   (no shield)
rNeg    . . .      Spirit   .   b - +0 leather armour
rPois   +          Reflect  .   (no helmet)
rElec   +          Harm     .   (no cloak)
rCorr   +          Rampage  .   l - +0 pair of gloves
Will    .....                   (no boots)
Stlth   +.........              (no amulet)
HPRegen 0.11/turn               (no ring)
MPRegen 0.10/turn               m - +6 ring of intelligence

@: resistant
A: (nimble swimmer 2), mertail
a: Renounce Religion, Depart the Abyss, Bend Space, Banish


You were on level 4 of the Dungeon.
You worshipped Lugonu.
Lugonu was most pleased with you.
You visited 1 branch of the dungeon, and saw 3 of its levels.
You visited the Abyss 1 time.

You collected 85 gold pieces.


Innate Abilities, Weirdness & Mutations

((You are very nimble when in or above water. (Stealth+, EV+, Speed+++)))
Your lower body shifts to a powerful aquatic tail in water.


   Skills:
 - Level 3.2 Fighting
 + Level 4.7 Polearms
 - Level 0.6 Armour
 - Level 2.6 Dodging
 + Level 3.8 Invocations


You had 3 spell levels left.
You didn't know any spells.
Your spell library was empty.

Inventory:

Hand Weapons
 a - a +1 spear (weapon)
Armour
 b - a +0 leather armour (worn)
 l - a +0 pair of gloves (worn)
Jewellery
 k - a ring of fire
 m - a +6 ring of intelligence (right hand)
Wands
 j - a wand of digging (8)
Scrolls
 d - 2 scrolls of blinking {unknown}
 e - a scroll of fog {unknown}
 f - 4 scrolls of amnesia {unknown}
Potions
 c - a potion of flight {unknown}
 g - a potion of lignification {unknown}
 h - a potion of degeneration {unknown}

Dungeon Overview and Level Annotations

Branches:
Dungeon (2/15)

Altars:

Annotations:
D:4 Ijyb

▒▒▒ ▒▒▒▒▒▒▒ ...
......▒ ▒▒▒▒▒ ^.
▒▒▒▒▒.▒▒▒▒▒▒...▒▒▒?▒▒
▒........†..mg..▒
▒▒▒▒▒▒▒▒...▒▒▒▒.▒
▒▒.▒▒ ▒.▒ ▒.▒ ▒.▒ .)▒
▒.▒


You could see Ijyb.


Message History

Ijyb hits you with a +0 dagger.
You closely miss Ijyb.
Ijyb is heavily wounded.
You hit Ijyb.
Ijyb is heavily wounded.
Ijyb zaps a wand.
The puff of flame hits you!
* * * LOW HITPOINT WARNING * * *
You hit Ijyb.
Ijyb is severely wounded.
Ijyb hits you with a +0 dagger.
* * * LOW HITPOINT WARNING * * *
You hit Ijyb but do no damage.
Ijyb is severely wounded.
Ijyb zaps a wand.
The puff of flame hits you.
* * * LOW HITPOINT WARNING * * *
You hit Ijyb but do no damage.
Ijyb is severely wounded.
Ijyb barely misses you.
You hit Ijyb but do no damage.
Ijyb is severely wounded.
Ijyb zaps a wand.
The puff of flame hits you!
* * * LOW HITPOINT WARNING * * *
Unknown command.
It was a potion of resistance.
You feel protected. Ijyb hits you with a +0 dagger.
You die...

Action                   |  1- 3 |  4- 6 || total
-------------------------+-------+-------++-------
Melee: Spear             |   133 |    87 ||   220
       Punch             |     2 |       ||     2
  Use: Potion            |       |     1 ||     1
 Stab: Sleeping          |     1 |     2 ||     3
Armor: Leather armour    |    16 |    12 ||    28
Dodge: Dodged            |    65 |    26 ||    91

Levels and vault maps discovered:
D:1:      dpeg_arrival_tiny_h, layout_basic, minmay_misc_feat_more_columns,
          nicolae_figureground_pulse
D:2:      layout_basic, hellmonk_ecumenical_altar_leap_of_faith, serial_glass,
          glass_columns_c, glass_columns_a
D:4:      layout_loops_ring, grunt_ministairs_11, minmay_shop_damaged,
          minmay_tree_intersection, serial_bayou_lake_a, uniq_ijyb

Notes
Turn   | Place    | Note
-------+----------+-------------------------------------------
     0 | Abyss:1  | sanka the Merfolk Abyssal Knight began the quest for the
                  | Orb.
     0 | Abyss:1  | Reached XP level 1. HP: 18/18 MP: 2/2
     1 | D:1      | Escaped the Abyss
    31 | D:1      | Reached skill level 3 in Polearms
    31 | D:1      | Reached XP level 2. HP: 7/24 MP: 3/3
   446 | D:1      | Reached XP level 3. HP: 29/29 MP: 5/5
   491 | D:1      | Reached skill level 3 in Invocations
   747 | D:1      | Reached skill level 4 in Polearms
   973 | D:1      | Reached *** piety under Lugonu
  1392 | D:2      | Reached XP level 4. HP: 24/35 MP: 6/6
  2080 | D:4      | Noticed Ijyb
  2097 | D:4      | HP: 1/35 [Ijyb/puff of flame (8)]
  2098 | D:4      | Identified a potion of resistance
  2098 | D:4      | Slain by Ijyb

Vanquished Creatures
  2 gnolls (D:1)
  2 adders (D:2)
  A worm (D:2)
  A dart slug (D:1)
  4 endoplasms
  2 giant cockroaches (D:1)
  4 goblins
  3 hobgoblins
  5 jackals
  6 kobolds
  A quokka (D:1)
  3 ball pythons
  6 bats
  4 frilled lizards
  5 rats
49 creatures vanquished.
